 Dungeon Crawl Stone Soup version 0.30-a0-585-g93115170b9 (webtiles) character file.

Game seed: 1961276601005247647

20 1player the Insei (level 2, 18/18 HPs)
             Began as an Octopode Transmuter on Jan 2, 2023.
             Quit the game on level 1 of the Dungeon on Apr 15, 2023.
             The game lasted 00:14:43 (1538 turns).

1player the Insei (Octopode Transmuter)             Turns: 1538, Time: 00:14:43

Health: 18/18      AC:  1    Str:  9    XL:     2   Next: 79%
Magic:  5/5        EV: 13    Int: 15    God:
Gold:   44         SH:  0    Dex: 12    Spells: 4/5 levels left

rFire   . . .      SeeInvis .      - Unarmed
rCold   . . .      Faith    .    (no shield)
rNeg    . . .      Spirit   .    (helmet restricted)
rPois   .          Reflect  .    (no amulet)
rElec   .          Harm     .    (no ring)
rCorr   .          Rampage  .    (no ring)
Will    .....                    (no ring)
Stlth   ++                       (no ring)
HPRegen 0.23/turn                (no ring)
MPRegen 0.09/turn                (no ring)
                                 (no ring)
                                 (no ring)

@: no status effects
A: almost no armour, amphibious, 8 rings, camouflage 1, gelatinous body 1,
(nimble swimmer 1), tentacles
a: no special abilities


You were on level 1 of the Dungeon.
You visited 1 branch of the dungeon, and saw 2 of its levels.

You collected 44 gold pieces.

Inventory:

Hand Weapons
 f - a +0 dagger
 g - a +0 whip
Scrolls
 c - a scroll of teleportation {unknown}
 e - a scroll of torment {unknown}
Potions
 a - 2 potions of lignification
 b - a potion of berserk rage {unknown}
 d - a potion of curing {unknown}
 h - a potion of cancellation {unknown}
 i - a potion of flight {unknown}


   Skills:
 - Level 1.1 Fighting
 - Level 2.1 Dodging
 - Level 3.0 Unarmed Combat
 - Level 2.0 Spellcasting
 + Level 2.9 Transmutations


You had 4 spell levels left.
You knew the following spells:

 Your Spells              Type           Power      Damage    Failure   Level
a - Beastly Appendage     Tmut           20%        N/A       6%          1

Your spell library contained the following spells:

 Spells                   Type           Power      Damage    Failure   Level
 Wereblood                Tmut           10%        N/A       10%         2
 Spider Form              Tmut/Pois      6%         N/A       34%         3
 Ice Form                 Ice/Tmut       6%         N/A       75%         4


Dungeon Overview and Level Annotations

Branches:
Dungeon (2/15)

Altars:


Innate Abilities, Weirdness & Mutations

You cannot wear most types of armour.
You are amphibious.
You can wear up to eight rings at the same time.
Your skin changes colour to match your surroundings (Stealth+).
Your rubbery body absorbs attacks. (AC +1, EV +1)
((You are camouflaged when in or above water. (Stealth+)))
You have tentacles for arms and can constrict up to eight enemies at once.


Message History

You constrict the hobgoblin. The hobgoblin hits you.
You tentacle-slap the hobgoblin. You squeeze the hobgoblin.
You kill the hobgoblin!
You start resting.
HP restored.
Done exploring.
Done exploring.
Done exploring.
Unknown command.
Saving game... please wait.
No command named 'CMD_EAT' Welcome back, 1player the Octopode Transmuter.
Press ? for a list of commands and other information.
You see here a hobgoblin corpse.
You see here a hobgoblin corpse.
You see here a hobgoblin corpse.
Press: ? - help, v - describe, . - travel, g - get item Item here: a hobgoblin corpse.
The floor, spattered with blood.
Unknown command.
Saving game... please wait.
No command named 'CMD_EAT' Welcome back, 1player the Octopode Transmuter.
Press ? for a list of commands and other information.
There is a stone staircase leading down here.
You climb downwards.
Found a potion of lignification.
There is a stone staircase leading up here.
Found an escape hatch in the floor.
a - 2 potions of lignification (gained 1)
There is a stone staircase leading up here.
You climb upwards.
There is a stone staircase leading down here.
Saving game... please wait.
No command named 'CMD_EAT' Welcome back, 1player the Octopode Transmuter.
Press ? for a list of commands and other information.
Save game and exit?
Okay, then.
Are you sure you want to abandon this character and quit the game? (Confirm with "yes".)

#..#########.##.#.........#.#....
#.............#.#......##.#.#....
#.##########..#.#.......)...#....
#.# #......#.#########.###....
#.# #......#.#.......#.# #....
#.######......#.#.#.#.#.#.###....
#.#....'......#.#.#.#.#..........
#.#.####....#.#.#.#.#.###.##.#.##
#.#.####....#.#.@.........##.#.##
#.#...##....#.#..................
#.#...##....#.#...#..........#.#.
#.#...##....#.#...#...########.#.
#.#...........#...#..............
#.#############...##..########.##
...............................#
#.#############.#####.###########
#.# #....................


There were no monsters in sight!

Vanquished Creatures
  A dart slug (D:1)
  2 bats (D:1)
  A giant cockroach (D:1)
  A goblin (D:1)
  3 hobgoblins (D:1)
  2 jackals (D:1)
  A kobold (D:1)
  A quokka (D:1)
  A ball python (D:1)
  3 rats (D:1)
16 creatures vanquished.

Notes
Turn   | Place    | Note
-------+----------+-------------------------------------------
     0 | D:1      | 1player the Octopode Transmuter began the quest for the
                  | Orb.
     0 | D:1      | Reached XP level 1. HP: 13/13 MP: 3/3
   635 | D:1      | Reached XP level 2. HP: 18/18 MP: 3/5
  1538 | D:1      | Quit the game

Illustrated notes

Levels and vault maps discovered:
D:1:      scummos_arrival_gate, layout_basic
D:2:      minmay_razor_zed, layout_basic

Action                   || total
-------------------------++-------
Melee: Unarmed           ||    32
       Constrict         ||    11
       Tentacles         ||     9
       Kick              ||     5
       Punch             ||     1
 Cast: Beastly Appendage ||     7
 Stab: Sleeping          ||     6
Armor: Skin              ||     3
Dodge: Dodged            ||    24

Table legend: (Time is in decaauts)
 A = Elapsed time spent in this place.
 B = Non-inter-level travel time spent in this place.
 C = Inter-level travel time spent in this place.
 D = Time resting spent in this place.
 E = Time spent auto-exploring this place.
 F = Levels seen in this place.
 G = Mean time per level.
                   A        B        C        D        E       F      G
               +--------+--------+--------+--------+--------+-----+--------+
         Total |   1536 |   1475 |     61 |    221 |    516 |   2 |  768.0 |
       Dungeon |   1536 |   1475 |     61 |    221 |    516 |   2 |  768.0 |
               +--------+--------+--------+--------+--------+-----+--------+

Top non-repeatable levels by time:
     D:1: 1529 daAuts
     D:2: 6 daAuts
